 Dungeon Crawl Stone Soup version 0.22-a0-779-g6f83d72c62 (webtiles) character file.

114 Holzbalken the Slasher (level 4, -8/33 HPs)
             Began as a Vampire Gladiator on July 19, 2018.
             Mangled by a hippogriff (11 damage)
             ... on level 2 of the Dungeon.
             The game lasted 00:05:37 (2361 turns).

Holzbalken the Slasher (Vampire Gladiator)          Turns: 2361, Time: 00:05:38

Health: -8/33      AC:  5    Str: 13    XL:     4   Next: 67%
Magic:  4/4        EV: 12    Int: 10    God:
Gold:   167        SH:  3    Dex: 16    Spells: 3/3 levels left

rFire    . . .     SeeInvis +   a - +0 long sword
rCold    . . .     Gourm    .   o - +0 buckler
rNeg     + . .     Faith    .   b - +0 leather armour
rPois    .         Spirit   .   c - +0 helmet
rElec    .         Reflect  .   g - +0 cloak (curse)
rCorr    .         Harm     .   (no gloves)
MR       .....                  (no boots)
Stlth    +.........             (no amulet)
HPRegen  0.11/turn              (no ring)
MPRegen  0.09/turn              (no ring)

@: no status effects
A: fangs 3, see invisible, unbreathing
a: Bat Form


You were on level 2 of the Dungeon.
You were not thirsty.

You visited 1 branch of the dungeon, and saw 2 of its levels.

You collected 167 gold pieces.

Inventory:

Hand Weapons
 a - a +0 long sword (weapon)
Missiles
 d - 4 throwing nets (quivered)
Armour
 b - a +0 leather armour (worn)
 c - a +0 helmet (worn)
 g - a cursed +0 cloak (worn)
 o - a +0 buckler (worn)
Scrolls
 f - a scroll of amnesia {unknown}
 h - a scroll of remove curse {unknown}
 j - 4 scrolls of identify {unknown}
 l - 2 scrolls of teleportation {unknown}
 p - 2 scrolls of enchant armour {unknown}
Potions
 e - 12 potions of blood
 i - 3 potions of curing {unknown}
 k - a potion of ambrosia {unknown}
 m - a potion of haste {unknown}
 n - a potion of flight {unknown}


   Skills:
 - Level 1.7 Fighting
 + Level 5.5 Long Blades
 - Level 1.5 Throwing
 - Level 3.2 Dodging


You had 3 spell levels left.
You didn't know any spells.
Your spell library was empty.

Dungeon Overview and Level Annotations

Branches:
Dungeon (2/15)

Altars:
Nemelex Xobeh


Innate Abilities, Weirdness & Mutations

You have razor-sharp teeth.
You have supernaturally acute eyesight. (SInv)
You can survive without breathing.


Message History

The hippogriff pecks you but does no damage.
You block the hippogriff's attack. The hippogriff misses you.
The hippogriff barely misses you. The hippogriff closely misses you.
You hit the hippogriff.
The hippogriff is moderately wounded.
The hippogriff bites you. The hippogriff misses you. The hippogriff claws you.
You hit the hippogriff.
The hippogriff is moderately wounded.
The hippogriff bites you! You block the hippogriff's attack.
The hippogriff misses you.
You hit the hippogriff but do no damage.
The hippogriff is moderately wounded.
The hippogriff bites you!
* * * LOW HITPOINT WARNING * * *
The hippogriff pecks you but does no damage.
The hippogriff barely misses you.
You hit the hippogriff.
The hippogriff is heavily wounded.
The hippogriff bites you!
You die...

#..# #.#..#
#..# #.#..#
#..# #.#..#
#.....
#.)######.#..#
#....l
...........#
#.....
######.#.##
#..... #.#.#
#.....
#.########
##.....
#.@H......
.......
#.........
.......
#.########
##..... <.#
###### ##.#
..# #######
### #......
#......
#......


You could see a hippogriff.

Vanquished Creatures
  An adder (D:2)
  6 gnolls (D:2)
  3 worms (D:2)
  A dart slug (D:2)
  4 goblins
  6 hobgoblins
  3 jackals (D:2)
  7 kobolds
  3 bats
  2 frilled lizards (D:2)
  3 rats
39 creatures vanquished.

Notes
Turn   | Place    | Note
-------+----------+-------------------------------------------
     0 | D:1      | Holzbalken the Vampire Gladiator began the quest for the Orb.
     0 | D:1      | Reached XP level 1. HP: 16/16 MP: 1/1
    51 | D:1      | Found a sparkling altar of Nemelex Xobeh.
   178 | D:1      | Reached XP level 2. HP: 20/22 MP: 2/2
   530 | D:2      | Reached skill level 4 in Long Blades
   530 | D:2      | Reached XP level 3. HP: 17/27 MP: 3/3
  1499 | D:2      | Reached XP level 4. HP: 32/33 MP: 4/4
  1562 | D:2      | Reached skill level 5 in Long Blades
  2354 | D:2      | Noticed a hippogriff
  2361 | D:2      | Mangled by a hippogriff

Vault maps used:
D:1:      kennysheep_arrival_forest, nemelex_altar_shiori

Skill      XL: |  1  2  3  4 |
---------------+-------------+-----
Long Blades    | 4 5 |  5.5
Fighting       | |  1.7
Throwing       | |  1.5
Dodging        | |  3.2

Action                   |  1- 3 |  4- 6 || total
-------------------------+-------+-------++-------
Melee: Long sword        |    96 |    42 ||   138
       Bite              |     7 |     5 ||    12
  Use: Potion            |     3 |     3 ||     6
Armor: Leather armour    |    27 |    16 ||    43
Dodge: Dodged            |    63 |    37 ||   100
Block: Buckler           |     2 |     7 ||     9
       Rpst.: Long sword |    23 |    11 ||    34

Table legend:
 A = Spawn XP
 B = Non-spawn XP
 C = Spawn XP percentage of total XP
 D = Spawn monster count
 E = Non-spawn monster count
 F = Spawn count percentage of total count
 G = Total turns spent on level
                    A         B        C        D         E        F      G
               +---------+---------+-------+---------+---------+-------+---------
         Total |       0 |     164 |   0.0 |       0 |      39 |   0.0 |  2361
               +---------+---------+-------+---------+---------+-------+---------
           D:1 |       0 |      23 |   0.0 |       0 |      13 |   0.0 |   478
           D:2 |       0 |     141 |   0.0 |       0 |      26 |   0.0 |  1883
               +---------+---------+-------+---------+---------+-------+---------
